 Dungeon Crawl Stone Soup version 0.31-a0-1308-ga3cce3a448 (webtiles) character file.

Game seed: 6333157858562737281

233 chickenman the Ruffian (level 5, -3/53 HPs)
             Began as a Troll Berserker on Dec 19, 2023.
             Was a Follower of Trog.
             Slain by a wight
             ... wielding a +0 battleaxe
              (16 damage)
             ... on level 8 of the Dungeon.
             The game lasted 00:02:19 (462 turns).

chickenman the Ruffian (Troll Berserker)             Turns: 462, Time: 00:02:20

Health: -3/53      AC:  4    Str: 27    XL:     5   Next: 74%
Magic:  4/4        EV: 10    Int:  3    God:    Trog [*.....]
Gold:   0          SH:  0    Dex:  9    Spells: 4/4 levels left

rFire   . .          .
                       - Unarmed
rCold   . . .        (no shield)
rNeg    . . .        a - +0 animal skin
rPois   .            (helmet restricted)
rElec   .            (no cloak)
rCorr   .            (gloves unavailable)
SInv    .            (boots unavailable)
Will    .....        (no amulet)
Stlth   +            (no ring)
HPRegen 1.08/turn    (no ring)
MPRegen 0.09/turn

%: no passive effects
@: no status effects
A: large, unfitting armour, claws 3, regeneration 1, shaggy fur 1, tough skin 1
a: Renounce Religion, Berserk


You were on level 8 of the Dungeon.
You worshipped Trog.
Trog was aware of your devotion.
You visited 1 branch of the dungeon, and saw 8 of its levels.

Inventory:

Armour
 a - a +0 animal skin (worn)
Scrolls
 b - a scroll of blinking {unknown}
 c - a scroll of identify {unknown}
Potions
 d - a potion of haste {unknown}


   Skills:
 + Level 3.4 Fighting
 + Level 3.7 Dodging
 + Level 4.6 Unarmed Combat


You had 4 spell levels left.
You didn't know any spells.
Your spell library contained the following spells:

 Spells                   Type           Power      Damage    Failure   Level
 Frozen Ramparts          Ice            0%         1d1       88%         3
 Leda's Liquefaction      Tmut/Erth      0%         N/A       99%         4
 Petrify                  Tmut/Erth      0%         N/A       99%         4
 Metabolic Englaciation   Hex/Ice        0%         N/A       100%        5


Dungeon Overview and Level Annotations

Branches:
Dungeon (8/15)
 Temple: D:4-7         Lair: D:8-11

Altars:
Wu Jian


Innate Abilities, Weirdness & Mutations

You are too large for most types of armour.
You have claws for hands.
Your natural rate of healing is unusually fast.
You are covered in fur. (AC +1)
You have tough skin. (AC +1)


Message History

The ball of steam hits you!
You hear an angry buzzing noise.
There is a stone staircase leading down here.
You are engulfed in a cloud of scalding steam.
* * * LOW HITPOINT WARNING * * *
You climb downwards.
Found a flail.
Found a stone staircase leading up.
There is a stone staircase leading up here.
Found a short sword. 2 wights come into view.
The wight moves out of view. 2 wights come into view.
Found a scroll labelled CAOCOMIUPO.
The wight hits you with a +5 scimitar.
You feel drained. The wight hits you with a +0 battleaxe!
You feel drained.
You claw the wight!
The wight is heavily damaged.
You closely miss the wight.
The wight is heavily damaged.
The wight barely misses you. x2
You scratch the wight but do no damage.
The wight is heavily damaged.
The wight closely misses you. x2
You claw the wight!
You destroy the wight!
Trog accepts your kill. The wight hits you with a +0 battleaxe.
Your life force feels restored.
You closely miss the wight.
The wight hits you with a +4 short sword.
The wight closely misses you.
You scratch the wight.
The wight is lightly damaged.
The wight hits you with a +4 short sword!
The wight closely misses you.
You claw the wight!
The wight is heavily damaged.
The wight hits you with a +4 short sword!
* * * LOW HITPOINT WARNING * * *
The wight hits you with a +0 battleaxe!
You die...

###........)... ...
.............). #..
#...<........ +...
##............
#...####.............
.##.........<#.#.###...
......########.#.#
?.....z#######.#..
#..z@.......####
#..z.######## ........#
........# ........#
......... ##.###### #.


You could see 3 wights.

Vanquished Creatures
  A phantom (D:3)
  A wight (D:8)
  A hound (D:5)
  An orc wizard (D:5)
  A sleepcap (D:7)
  An adder (D:2)
  A dart slug (D:4)
  4 orcs
  2 hobgoblins
  3 ball pythons
  2 kobolds (D:1)
  2 rats
20 creatures vanquished.

Notes
Turn   | Place    | Note
-------+----------+-------------------------------------------
     0 | D:1      | chickenman the Troll Berserker began the quest for the Orb.
     0 | D:1      | Reached XP level 1. HP: 22/22 MP: 0/0
    48 | D:2      | Reached XP level 2. HP: 28/29 MP: 1/1
   112 | D:3      | Noticed a phantom
   123 | D:3      | Killed a phantom
   124 | D:3      | Reached XP level 3. HP: 23/37 MP: 2/2
   124 | D:3      | Reached XP level 4. HP: 28/45 MP: 3/3
   181 | D:4      | Found an ornate altar of the Wu Jian Council.
   284 | D:5      | Entered Level 5 of the Dungeon
   306 | D:5      | Reached skill level 4 in Unarmed Combat
   353 | D:5      | Reached XP level 5. HP: 53/53 MP: 4/4
   382 | D:7      | Noticed a steam dragon
   390 | D:7      | Noticed a hornet
   462 | D:8      | Slain by a wight

Illustrated notes

Levels and vault maps discovered:
D:1:      minmay_arrival_stone_box, layout_rooms,
          shapermc_ecumenical_altar_mp_highgroup, kennysheep_nondescript
D:2:      layout_basic, uniq_natasha
D:3:      layout_loops_ring, riverfiend_overflow_shadow_ancestor,
          minmay_misc_feat_cross, grunt_ministairs_5, minmay_curled_crystal
D:4:      layout_basic, nicolae_wu_jian_wuxing_cycle, solitary_fountain,
          nicolae_zen_rock_garden
D:5:      layout_gridville, yredelemnul_altar_generic, temple_hall,
          cheibrodos_sewer_entry_drain, uniq_prince_ribbit1, uniq_blork_the_orc
D:6:      layout_loops_ring, nicolae_ru_awakened_eye,
          mainiacjoe_overflow_alcove_2, minmay_misc_feat_tower,
          small_statue_intersection, grunt_ministairs_5,
          nicolae_twisty_statue_hallways, uniq_edmund
D:7:      layout_cave_pools, enter_bailey_5, gammafunk_ghost_split,
          nicolae_good_shop
D:8:      layout_basic

Skill      XL: |  1  2  3  4 |
---------------+-------------+-----
Fighting       | 3 |  3.4
Dodging        | 3 |  3.7
Unarmed Combat | 4 |  4.6

Action                     |  1- 3 |  4- 6 || total
---------------------------+-------+-------++-------
  Melee: Unarmed           |    20 |    35 ||    55
         Punch             |     1 |     2 ||     3
 Armour: Animal skin       |    24 |    33 ||    57
  Dodge: Dodged            |    10 |    22 ||    32

Table legend: (Time is in decaauts)
 A = Elapsed time spent in this place.
 B = Non-inter-level travel time spent in this place.
 C = Inter-level travel time spent in this place.
 D = Time resting spent in this place.
 E = Time spent auto-exploring this place.
 F = Levels seen in this place.
 G = Mean time per level.
                   A        B        C        D        E       F      G
               +--------+--------+--------+--------+--------+-----+--------+
         Total |    456 |    456 |      0 |      0 |      0 |   8 |   57.0 |
       Dungeon |    456 |    456 |      0 |      0 |      0 |   8 |   57.0 |
               +--------+--------+--------+--------+--------+-----+--------+

Top non-repeatable levels by time:
     D:4: 123 daAuts
     D:3: 101 daAuts
     D:5: 76 daAuts
     D:8: 70 daAuts
     D:1: 40 daAuts
     D:2: 15 daAuts
     D:6: 14 daAuts
     D:7: 13 daAuts
